 Dungeon Crawl Stone Soup version 0.20.0-7-g3b7b877 (console) character file.

249 Cruella the Vexing (level 5, 0/38 HPs)
             Began as a Draconian Enchanter on May 29, 2017.
             Slain by an orc wizard
             ... wielding a +0 dagger
              (3 damage)
             ... on level 4 of the Dungeon.
             The game lasted 00:15:36 (2326 turns).

Cruella the Vexing (Draconian Enchanter)            Turns: 2326, Time: 00:15:36

Health: 0/38       AC: 10    Str: 11    XL:     5   Next: 87%
Magic:  8/8        EV: 12    Int: 16    God:
Gold:   108        SH:  0    Dex:  9    Spells: 2/8 levels left

rFire    . . .     SeeInvis .   a - +1 dagger
rCold    . . .     Gourm    .   (no shield)
rNeg     . . .     Faith    .   (armour unavailable)
rPois    .         Spirit   .   (helmet restricted)
rElec    .         Reflect  .   v - +1 cloak
rCorr    .         Harm     .   (no gloves)
MR       .....                  C - +2 pair of boots
Stlth    ++........             (no amulet)
Regen    0.2/turn               (no ring)
MPRegen  0.2/turn               (no ring)

@: no status effects
A: unfitting armour, hooves 1, clumsy 1, cold-blooded, AC +5
a: no special abilities


You were on level 4 of the Dungeon.
You were hungry.

You visited 1 branch of the dungeon, and saw 4 of its levels.

You collected 108 gold pieces.

Inventory:

Hand Weapons
 a - a +1 dagger (weapon)
 k - a +0 short sword
 m - a +0 dagger
 n - a +0 spear
 s - a +2 spear of venom
 t - a +0 hand axe
Missiles
 e - 64 stones (quivered)
 i - 32 sling bullets
 j - 14 arrows
 l - 13 bolts
Armour
 u - a +0 pair of boots
 v - a +1 cloak (worn)
 C - a +2 pair of boots (worn)
Wands
 B - a wand of disintegration (5/24)
Scrolls
 h - 2 scrolls of identify
Potions
 x - a potion of flight {unknown}
Books
 b - a book of Maledictions

   Spells                             Type                      Level
   a - Corona                         Hexes                        1
   b - Ensorcelled Hibernation        Hexes/Ice                    2
   c - Confuse                        Hexes                        3
   d - Tukima's Dance                 Hexes                        3
   e - Dazzling Spray                 Conjuration/Hexes            3
Comestibles
 c - 2 bread rations
 d - a meat ration
 f - a chunk of flesh
 q - 2 royal jellies
 z - 4 fruits


   Skills:
 - Level 1.0 Short Blades
 - Level 1.7 Dodging
 - Level 4.0 Stealth
 - Level 2.0 Spellcasting
 + Level 5.4 Hexes


You had 2 spell levels left.
You knew the following spells:

 Your Spells              Type           Power        Failure   Level  Hunger
a - Corona                Hex            ###....      2%          1    #......
b - Ensorcelled Hibernat  Hex/Ice        ##....       11%         2    ###....
c - Confuse               Hex            ###.....     7%          3    ###....


Dungeon Overview and Level Annotations

Branches:
Dungeon (4/15)
 Temple: D:4-7

Altars:
Ashenzari

Annotations:
D:3 Jessica


Innate Abilities, Weirdness & Mutations

Your plain brown scales are hard. (AC +5)
You cannot fit into any form of body armour.
You are cold-blooded and may be slowed by cold attacks.
You have large cloven feet.
You are clumsy. (Dex -2)


Message History

Beogh smites you! Something hits you but does no damage.
The orc wizard casts a spell at you.
The magic dart hits something.
You miss something. Something hits you but does no damage.
Something barely misses you.
You closely miss something. Something hits you but does no damage.
You miss something. Something hits you but does no damage.
You hit something.
Your tail-slap misses something.
You hear some strange, mumbled words.
A puff of flame appears from out of thin air!
The puff of flame hits you!
The orc priest mumbles some strange prayers to Beogh against you.
Beogh smites you!
* * * LOW HITPOINT WARNING * * *
Something completely misses you.
You hit something but do no damage. Something hits you but does no damage.
You miss something.
You are feeling hungry.
Something hits you.
You die...

*,***,* *,* *,*, *,* *,*
########+#**** *,*, ******,* *,*
#.........,,,* *,*, *,,,,,,* *,*
##.........,,,* *,*, **,*****
*,###..........,,,* *,*, *,*
*,#...............# *,*, *,*
#.#....h........o.# *,*< *,*
#.....###.......(.# *,*, *,*
#.....#@#.........# *,*, *,*
#.....#{#.%....o..#**,*, *,*
#.#####o#####..)...**,,,
**,**********##ooooo.o...#,,,**,,
*,,,,,<,,,.....ooh..<....#,,,**,,
**********####..oo.......#,,,**,,
#.........###,,,**,,
###########*,,,,,**, *,,,,,,,*,


You could see 2 orc priests, an orc wizard, 5 orcs and 2 jackals.

Vanquished Creatures
  An orc warrior (D:4)
  A crimson imp (D:3)
  An orc priest (D:4)
  2 adders (D:2)
  A gnoll (D:1)
  An ooze (D:2)
  A worm (D:2)
  3 leopard geckos
  3 orcs (D:4)
  9 bats
  3 giant cockroaches
  5 goblins
  5 hobgoblins
  3 jackals (D:1)
  A quokka (D:2)
  A ball python (D:1)
  4 frilled lizards
  7 kobolds
  4 rats
56 creatures vanquished.

Notes
Turn   | Place    | Note
-------+----------+-------------------------------------------
     0 | D:1      | Cruella the Draconian Enchanter began the quest for the Orb.
     0 | D:1      | Reached XP level 1. HP: 14/14 MP: 3/3
   245 | D:1      | Reached skill level 3 in Hexes
   605 | D:1      | Reached XP level 2. HP: 14/20 MP: 5/5
   609 | D:1      | Learned a level 2 spell: Ensorcelled Hibernation
   880 | D:1      | Reached XP level 3. HP: 19/26 MP: 4/6
  1163 | D:1      | Learned a level 3 spell: Confuse
  1182 | D:2      | Reached skill level 4 in Hexes
  1674 | D:2      | Reached XP level 4. HP: 25/33 MP: 3/7
  2183 | D:3      | Noticed Jessica
  2277 | D:4      | Noticed an orc warrior
  2282 | D:4      | Found a shattered altar of Ashenzari.
  2304 | D:4      | Killed an orc warrior
  2304 | D:4      | Reached skill level 5 in Hexes
  2304 | D:4      | Reached XP level 5. HP: 15/38 MP: 2/8
  2314 | D:4      | Gained mutation: You are clumsy. (Dex -2) [potion of mutation]
  2314 | D:4      | Gained mutation: You have large cloven feet. [potion of mutation]
  2326 | D:4      | Slain by an orc wizard

Skill      XL: |  1  2  3  4 |
---------------+-------------+-----
Hexes          | 3 4 5 |  5.4
Stealth        | 3 4 |  4.0
Short Blades   | |  1.0
Dodging        | |  1.7
Spellcasting   | |  2.0

Action                   |  1- 3 |  4- 6 || total
-------------------------+-------+-------++-------
Melee: Dagger            |   153 |    70 ||   223
       Tailslap          |    10 |     7 ||    17
 Cast: Corona            |     7 |     1 ||     8
       Ensorcelled Hiber |    11 |     2 ||    13
       Confuse           |     1 |     5 ||     6
Evoke: Wand              |       |     7 ||     7
  Use: Scroll            |       |     4 ||     4
       Potion            |       |     4 ||     4
 Stab: Sleeping          |    10 |     4 ||    14
       Confused          |     3 |       ||     3
  Eat: Chunk             |     3 |     3 ||     6
Armor: Skin              |    70 |    31 ||   101
Dodge: Dodged            |   132 |    72 ||   204
